 Dungeon Crawl Stone Soup version 0.30-a0-341-g682706514a (webtiles) character file.

Game seed: 7142209353251151326

2945 Bnni the Geomancer (level 9, -17/62 HPs)
             Began as an Octopode Earth Elementalist on Nov 2, 2022.
             Was a Follower of Dithmenos.
             Killed from afar by a steam dragon (23 damage)
             ... with a ball of steam
             ... on level 7 of the Dungeon on Nov 3, 2022.
             The game lasted 00:20:35 (6822 turns).

Bnni the Geomancer (Octopode Earth Elementalist)    Turns: 6822, Time: 00:20:36

Health: -17/62     AC:  1    Str:  8    XL:     9   Next: 80%
Magic:  22/27      EV: 13    Int: 21    God:    Dithmenos [*.....]
Gold:   267        SH:  0    Dex: 18    Spells: 7/20 levels left

rFire   . . .      SeeInvis +    v - +1 flail (protect)
rCold   . . .      Faith    .    (no shield)
rNeg    . . .      Spirit   .    e - +0 hat
rPois   .          Reflect  .    p - amulet of magic regeneration
rElec   .          Harm     .    h - +6 ring of dexterity
rCorr   .          Rampage  .    w - ring of see invisible
Will    .....                    J - ring of magical power
Stlth   ++++......               (no ring)
HPRegen 0.30/turn                (no ring)
MPRegen 0.60/turn                (no ring)
                                 (no ring)
                                 (no ring)

@: wreathed by umbra
A: almost no armour, amphibious, 8 rings, camouflage 1, gelatinous body 1,
(nimble swimmer 1), tentacles
a: Renounce Religion


You were on level 7 of the Dungeon.
You worshipped Dithmenos.
Dithmenos was aware of your devotion.
You visited 2 branches of the dungeon, and saw 8 of its levels.

You collected 267 gold pieces.

Inventory:

Hand Weapons
 v - a +1 flail of protection (weapon)
 D - a +1 dagger of venom
Missiles
 t - 2 atropa-tipped darts
 G - 3 datura-tipped darts
Armour
 e - a +0 hat (worn)
Jewellery
 c - a ring of fire
 h - a +6 ring of dexterity (left tentacle)
 p - an amulet of magic regeneration (around mantle)
 u - an amulet of the acrobat
 w - a ring of see invisible (right tentacle)
 E - a ring of fire
 J - a ring of magical power (on tentacle)
Wands
 o - a wand of charming (7)
 s - a wand of mindburst (11)
 y - a wand of iceblast (8)
 H - a wand of polymorph (3)
Scrolls
 b - 2 scrolls of teleportation {unknown}
 f - a scroll of fear {unknown}
 i - a scroll of silence {unknown}
 j - 3 scrolls of noise {unknown}
 k - 3 scrolls of summoning {unknown}
 m - 3 scrolls of enchant weapon
 r - a scroll of brand weapon {unknown}
 x - 2 scrolls of vulnerability {unknown}
 A - a scroll of fog {unknown}
 C - a scroll of immolation {unknown}
 I - a scroll of poison {unknown}
 L - 3 scrolls of torment {unknown}
 M - 2 scrolls of identify
Potions
 a - a potion of magic
 d - a potion of berserk rage
 g - 2 potions of attraction
 l - 2 potions of haste
 n - 2 potions of curing
 q - a potion of mutation
 z - a potion of ambrosia
 B - 5 potions of flight
 F - 3 potions of lignification {unknown}
 K - a potion of brilliance {unknown}


   Skills:
 + Level 6.1 Fighting
 - Level 2.0 Dodging
 - Level 2.6 Stealth
 + Level 6.1 Spellcasting
 - Level 3.0 Conjurations
 - Level 1.0 Transmutations
 - Level 5.0 Ice Magic
 * Level 8.3 Earth Magic


You had 7 spell levels left.
You knew the following spells:

 Your Spells              Type           Power      Damage    Failure   Level
a - Sandblast             Erth           82%        2d17      1%          1
b - Ozocubu's Armour      Ice            27%        N/A       3%          3
c - Stone Arrow           Conj/Erth      60%        3d10      2%          3
d - Passwall              Tmut/Erth      20%        N/A       2%          2
e - Petrify               Tmut/Erth      25%        N/A       14%         4

Your spell library contained the following spells:

 Spells                   Type           Power      Damage    Failure   Level
 Slow                     Hex            24%        N/A       10%         1
 Confusing Touch          Hex            6%         N/A       28%         3
 Vampiric Draining        Necr           6%         2d6       28%         3
 Iskenderun's Battlesphe  Conj           19%        2d7       61%         5
 Fireball                 Conj/Fire      6%         3d5       82%         5
 Conjure Ball Lightning   Conj/Air       6%         3x3d7     100%        6
 Orb of Destruction       Conj           9%         9d6       100%        7
 Ozocubu's Refrigeration  Ice            13%        4d10      100%        7


Dungeon Overview and Level Annotations

Branches:
Dungeon (7/15)             Temple (1/1) D:4

Altars:
Ashenzari
Cheibriados
Dithmenos
Elyvilon
Fedhas
Gozag
Hepliaklqana
Kikubaaqudgha
Makhleb
Nemelex Xobeh
Okawaru
Ru
Trog
Uskayaw
Wu Jian
Xom
Yredelemnul
Zin
The Shining One

Annotations:
D:4 3 runed translucent doors, Persimmon's ghost, amateur MiHu


Innate Abilities, Weirdness & Mutations

You cannot wear most types of armour.
You are amphibious.
You can wear up to eight rings at the same time.
Your skin changes colour to match your surroundings (Stealth+).
Your rubbery body absorbs attacks. (AC +1, EV +1)
((You are camouflaged when in or above water. (Stealth+)))
You have tentacles for arms and can constrict up to eight enemies at once.


Message History

Casting: Stone Arrow (dangerous; 2% risk of failure)
Confirm with . or Enter, or press ? or * to list all spells.
Aiming: Stone Arrow (dangerous; 2% risk of failure)
Press: ? - help, Shift-Dir - straight line, f/p - steam dragon
Aim: a steam dragon (steam, almost dead, catching its breath, 74% to hit)
The stone arrow misses the steam dragon.
Casting: Stone Arrow (dangerous; 2% risk of failure)
Confirm with . or Enter, or press ? or * to list all spells.
Aiming: Sandblast (safe; 1% risk of failure)
Press: ? - help, Shift-Dir - straight line, f/p - steam dragon
Aim: a steam dragon (almost dead, catching its breath, 85% to hit)
The blast of sand hits the steam dragon but does no damage.
The steam dragon is almost dead.
The bullfrog swells and bulges.
Unknown command.
Casting: Sandblast (safe; 1% risk of failure)
Confirm with . or Enter, or press ? or * to list all spells.
Aiming: Sandblast (safe; 1% risk of failure)
Press: ? - help, Shift-Dir - straight line, f/p - steam dragon
Aim: a steam dragon (almost dead, umbra, 85% to hit)
The blast of sand misses the steam dragon.
The blast of sand misses the bullfrog.
The steam dragon bites you! The steam dragon closely misses you.
The steam dragon breathes steam at you. The ball of steam hits you!!
* * * LOW HITPOINT WARNING * * *
An iguana comes into view.
The iguana hisses angrily.
Casting: Sandblast (safe; 1% risk of failure)
Confirm with . or Enter, or press ? or * to list all spells.
Aiming: Sandblast (safe; 1% risk of failure)
Press: ? - help, Shift-Dir - straight line, f/p - steam dragon
Aim: a steam dragon (almost dead, umbra, 85% to hit)
The blast of sand misses the steam dragon.
You are engulfed in a cloud of scalding steam.
* * * LOW HITPOINT WARNING * * *
The bullfrog misses you. The bullfrog closely misses you.
The steam dragon breathes steam at you. The ball of steam hits you!!
You die...

#.....#
#.l...#
#.....#
#....[#
#.....#
+..>..#
#...DF#
#...@.#
###.#.#
#+#<#
#.....#
#....##
+....
#....
#..$.
###+#


You could see a steam dragon (catching breath), a bullfrog and an iguana.

Vanquished Creatures
  Pikel (D:6)
  2 trolls (D:6)
  Edmund (D:6)
  2 ice beasts
  An orc warrior (D:5)
  A black bear (D:5)
  2 sky beasts (D:6)
  4 phantoms
  A lemure (D:6)
  2 bullfrogs
  A necrophage (D:5)
  5 scorpions
  A hound (D:6)
  A jelly (D:6)
  3 orc priests (D:6)
  4 iguanas
  5 orc wizards
  6 adders
  2 white imps
  An ufetubus (D:6)
  3 worms
  A dart slug (D:4)
  26 orcs
  6 endoplasms
  3 giant cockroaches
  11 goblins
  12 hobgoblins
  5 quokkas
  7 ball pythons
  3 bats
  3 frilled lizards
  2 kobolds (D:1)
  3 rats (D:3)
131 creatures vanquished.

Notes
Turn   | Place    | Note
-------+----------+-------------------------------------------
     0 | D:1      | Bnni the Octopode Earth Elementalist began the quest for
                  | the Orb.
     0 | D:1      | Reached XP level 1. HP: 11/11 MP: 3/3
   216 | D:1      | Reached XP level 2. HP: 17/17 MP: 0/5
   384 | D:1      | Reached skill level 1 in Conjurations
  1244 | D:2      | Reached XP level 3. HP: 22/22 MP: 0/6
  1624 | D:2      | Learned a level 3 spell: Stone Arrow
  2272 | D:3      | Noticed a shining eye
  2279 | D:3      | Noticed an eye of devastation
  2300 | D:3      | Noticed a golden eye
  2303 | D:3      | Found a faded altar of an unknown god.
  2304 | D:3      | Noticed a shining eye
  2405 | D:3      | Reached XP level 4. HP: 27/27 MP: 7/7
  2416 | D:3      | Reached skill level 1 in Fighting
  2481 | D:3      | Learned a level 3 spell: Ozocubu's Armour
  2911 | D:4      | Reached skill level 1 in Ice Magic
  2926 | D:4      | Reached XP level 5. HP: 9/33 MP: 5/9
  3216 | D:4      | Noticed Persimmon's ghost (amateur MiHu)
  3238 | D:4      | Found a runed translucent gate.
  3238 | D:4      | Found a runed translucent gate.
  3238 | D:4      | Found a runed translucent gate.
  3242 | D:4      | Found a staircase to the Ecumenical Temple.
  3251 | Temple   | Entered the Ecumenical Temple
  3332 | Temple   | Became a worshipper of Dithmenos the Shadowed
  3584 | D:4      | Noticed a phantom
  3592 | D:4      | Killed a phantom
  3593 | D:4      | Reached XP level 6. HP: 38/39 MP: 7/10
  3894 | D:4      | Noticed an ice beast
  3944 | D:5      | Entered Level 5 of the Dungeon
  4064 | D:5      | Reached XP level 7. HP: 8/45 MP: 4/12
  4743 | D:5      | Found a blossoming altar of Fedhas.
  4784 | D:6      | Noticed a troll
  4830 | D:6      | Reached skill level 4 in Earth Magic
  5051 | D:6      | Noticed a troll
  5058 | D:6      | Reached XP level 8. HP: 32/52 MP: 4/14
  5061 | D:6      | Killed a troll
  5062 | D:6      | Reached skill level 5 in Ice Magic
  5071 | D:5      | Reached skill level 5 in Earth Magic
  5534 | D:6      | Reached skill level 6 in Earth Magic
  5569 | D:6      | Reached skill level 5 in Spellcasting
  5665 | D:6      | Noticed Pikel
  5671 | D:6      | Reached XP level 9. HP: 54/60 MP: 16/16
  5683 | D:6      | Killed Pikel
  5684 | D:6      | Reached skill level 5 in Fighting
  5684 | D:6      | Reached skill level 7 in Earth Magic
  5816 | D:6      | Noticed Edmund
  5837 | D:6      | Reached * piety under Dithmenos
  5840 | D:6      | Killed Edmund
  6130 | D:6      | Learned a level 2 spell: Passwall
  6135 | D:6      | Learned a level 4 spell: Petrify
  6248 | D:6      | Reached skill level 8 in Earth Magic
  6407 | D:6      | Killed a troll
  6744 | D:6      | Found a bloodstained altar of Trog.
  6744 | D:6      | Found a faded altar of an unknown god.
  6751 | D:6      | Found a shimmering altar of Xom.
  6757 | D:6      | Found a sparkling altar of Nemelex Xobeh.
  6759 | D:6      | Found an iron altar of Okawaru.
  6822 | D:7      | Killed from afar by a steam dragon

Illustrated notes

Levels and vault maps discovered:
D:1:      matt_arrival_diagonals, layout_basic
D:2:      layout_loops_cross, minmay_distorted
D:3:      cheibrodos_greedy_goblins, layout_rooms,
          hellmonk_ecumenical_altar_watching_god, minmay_hedge_maze,
          kennysheep_flooded_box, solitary_fountain, hangedman_decor_slide_cut
D:4:      layout_basic, minmay_temple_entry_ruins, serial_glass,
          glass_columns_c, glass_columns_a, gammafunk_ghost_icy
D:5:      layout_rooms, mainiacjoe_overflow_alcove_4
D:6:      cheibrodos_fzero, layout_layer_cave,
          chequers_temple_overflow_minitemple, uniq_pikel, uniq_edmund
D:7:      layout_basic, patterned_corridor
Temple:   compressed_dpeg_circular_temple

Skill      XL: |  1  2  3  4  5  6  7  8  9 |
---------------+----------------------------+-----
Conjurations   | 1 2 3 |  3.0
Fighting       | 1 2 3 4 6 |  6.1
Ice Magic      | 1 2 3 4 5 |  5.0
Spellcasting   | 3 4 5 6 |  6.1
Earth Magic    | 4 6 8 |  8.3
Dodging        | |  2.0
Stealth        | |  2.6
Transmutations | |  1.0

Action                   |  1- 3 |  4- 6 |  7- 9 || total
-------------------------+-------+-------+-------++-------
Melee: Unarmed           |     3 |       |       ||     3
       Constrict         |     3 |     1 |     6 ||    10
       Dagger            |    16 |     1 |       ||    17
       Tentacles         |     3 |       |     4 ||     7
       Flail             |       |     2 |    16 ||    18
       Punch             |       |       |     1 ||     1
Throw: Dart              |       |       |     6 ||     6
 Cast: Sandblast         |    43 |    98 |    88 ||   229
       Stone Arrow       |       |     1 |    48 ||    49
       Ozocubu's Armour  |       |     1 |    11 ||    12
Evoke: Wand              |       |       |     3 ||     3
  Use: Scroll            |       |       |     8 ||     8
 Stab: Sleeping          |     6 |       |     1 ||     7
       Distracted        |       |     1 |       ||     1
Armor: Skin              |     2 |     1 |    30 ||    33
Dodge: Dodged            |    19 |    47 |   103 ||   169

Table legend: (Time is in decaauts)
 A = Elapsed time spent in this place.
 B = Non-inter-level travel time spent in this place.
 C = Inter-level travel time spent in this place.
 D = Time resting spent in this place.
 E = Time spent auto-exploring this place.
 F = Levels seen in this place.
 G = Mean time per level.
                   A        B        C        D        E       F      G
               +--------+--------+--------+--------+--------+-----+--------+
         Total |   6944 |   6689 |    255 |    765 |   4772 |   8 |  868.0 |
       Dungeon |   6837 |   6633 |    204 |    765 |   4772 |   7 |  976.7 |
        Temple |    107 |     56 |     51 |      0 |      0 |   1 |  107.0 |
               +--------+--------+--------+--------+--------+-----+--------+

Top non-repeatable levels by time:
     D:6: 1734 daAuts
     D:1: 1199 daAuts
     D:5: 1199 daAuts
     D:4: 956 daAuts
     D:3: 925 daAuts
     D:2: 812 daAuts
  Temple: 107 daAuts
     D:7: 8 daAuts
